 Dungeon Crawl Stone Soup version 0.25-a0-378-gd2ca0b7745 (webtiles) character file.

Game seed: 8034787009217521212, levelgen mode: deterministic

56 PentaManta the Insei (level 3, -3/23 HPs)
             Began as an Octopode Transmuter on Jan 7, 2020.
             Slain by a gnoll
             ... wielding a +0 halberd
              (6 damage)
             ... on level 1 of the Dungeon.
             The game lasted 00:02:33 (1167 turns).

PentaManta the Insei (Octopode Transmuter)          Turns: 1167, Time: 00:02:34

Health: -3/23      AC:  1    Str:  9    XL:     3   Next: 95%
Magic:  7/7        EV: 13    Int: 16    God:
Gold:   63         SH:  0    Dex: 12    Spells: 6/7 levels left

rFire    . . .     SeeInvis .     - Unarmed
rCold    . . .     Gourm    .   (no shield)
rNeg     . . .     Faith    .   (helmet restricted)
rPois    .         Spirit   .   (no amulet)
rElec    .         Reflect  .   (no ring)
rCorr    .         Harm     .   (no ring)
MR       .....                  (no ring)
Stlth    ++........             (no ring)
HPRegen  0.07/turn              (no ring)
MPRegen  0.10/turn              (no ring)
                                (no ring)
                                (no ring)

@: appendage (expiring)
A: almost no armour, stealthy swim, amphibious, 8 rings, constrict 8, tentacle
spike 3, camouflage 1, gelatinous body 1
a: End Transformation


You were on level 1 of the Dungeon.
You were hungry.
One of your tentacles had a temporary spike.
You visited 1 branch of the dungeon, and saw 2 of its levels.

You collected 63 gold pieces.

Inventory:

Missiles
 a - 12 arrows
Potions
 b - a potion of might {unknown}
 d - a potion of brilliance {unknown}
 f - a potion of heal wounds
 g - a potion of cancellation {unknown}
Comestibles
 c - 4 rations


   Skills:
 - Level 1.2 Fighting
 - Level 2.1 Dodging
 - Level 3.1 Unarmed Combat
 + Level 2.8 Spellcasting
 + Level 3.0 Transmutations


You had 6 spell levels left.
You knew the following spells:

 Your Spells              Type           Power        Failure   Level  Hunger
a - Beastly Appendage     Tmut           ##....       5%          1    #......

Your spell library contained the following spells:

 Spells                   Type           Power        Failure   Level  Hunger
 Sticks to Snakes         Tmut           ##......     9%          2    ##.....
 Spider Form              Tmut/Pois      #.........   30%         3    ###....
 Ice Form                 Ice/Tmut       #.......     71%         4    #####..
 Blade Hands              Tmut           ##........   83%         5    ######.


Dungeon Overview and Level Annotations

Branches:
Dungeon (2/15)

Altars:


Innate Abilities, Weirdness & Mutations

You cannot wear most types of armour.
You are very stealthy in the water. (Stealth+)
You are amphibious.
You can wear up to eight rings at the same time.
You can use your tentacles to constrict eight enemies at once.
Your skin changes colour to match your surroundings (Stealth+).
Your rubbery body absorbs attacks. (AC +1, EV +1)
One of your tentacles bears a large vicious spike.


Message History

2 gnolls come into view.
There are monsters nearby!
There are monsters nearby!
The gnoll shouts!
Casting: Beastly Appendage (safe; 5% risk of failure)
Confirm with . or Enter, or press ? or * to list all spells.
One of your tentacles grows a vicious spike.
The gnoll shouts!
You hear a shout! x2
A gnoll comes into view. It is wielding a +0 spear.
Okay, then.
There is an escape hatch in the ceiling here.
The gnoll hits you with a +0 halberd!
Ouch! That really hurt!
There is an escape hatch in the ceiling here.
Your transformation is almost over.
The gnoll hits you from afar with a +0 spear!
* * * LOW HITPOINT WARNING * * *
A mysterious force pulls you upwards. The hatch slams shut behind you.
The gnoll hits you from afar with a +0 halberd.
You die...

###.....#
#.......#
#.#.....#
#.####..#
#(# #..# #.#
#..#########
#)#
#.........g#
##.#
##.#######.#
...# #.# #@#
#### #.# #.#
#[# #.# #.#
#.#
#.#######.#
#.....)...#
#.#########
#.# ######
#.#


You could see a gnoll.

Vanquished Creatures
  2 adders (D:2)
  3 dart slugs (D:1)
  2 giant cockroaches
  3 goblins
  5 hobgoblins
  2 jackals (D:1)
  4 bats
  3 kobolds
  8 rats
32 creatures vanquished.

Notes
Turn   | Place    | Note
-------+----------+-------------------------------------------
     0 | D:1      | PentaManta the Octopode Transmuter began the quest for the
                  | Orb.
     0 | D:1      | Reached XP level 1. HP: 13/13 MP: 3/3
   116 | D:1      | Reached XP level 2. HP: 16/18 MP: 5/5
   444 | D:1      | Reached XP level 3. HP: 21/23 MP: 6/6
  1167 | D:1      | Slain by a gnoll

Levels and vault maps discovered:
D:1:      dpeg_arrival_solitude, layout_loops_ring
D:2:      layout_loops_cross, fedhas_altar_3, nicolae_overflow_crystal_walls,
          minmay_diced_spiral

Skill      XL: |  1  2  3 |
---------------+----------+-----
Transmutations | 3 |  3.0
Fighting       | |  1.2
Dodging        | |  2.1
Unarmed Combat | |  3.1
Spellcasting   | |  2.8

Action                   || total
-------------------------++-------
Melee: Unarmed           ||    63
       Constrict         ||    19
       Kick              ||     8
       Tentacles         ||    11
 Cast: Beastly Appendage ||     9
  Use: Scroll            ||     4
 Stab: Sleeping          ||     5
Armor: Skin              ||     2
Dodge: Dodged            ||    28

Table legend:
 A = Non-vault XP
 B = Vault XP
 C = Vault XP percentage of total XP
 D = Non-vault monster count
 E = Vault monster count
 F = Vault count percentage of total count
                 A         B        C        D         E       F
            +---------+---------+-------+---------+---------+-------
      Total |      76 |       4 |   5.0 |      30 |       2 |   6.2
            +---------+---------+-------+---------+---------+-------
        D:1 |      44 |       0 |   0.0 |      24 |       0 |   0.0
        D:2 |      32 |       4 |  11.1 |       6 |       2 |  25.0
            +---------+---------+-------+---------+---------+-------
